Map: Cloud Kingdom LE

Players

Stephano - Winner!

  • Race: Zerg Zerg
  • Spawn Location: 7:00

Mvp

  • Race: Terran Terran
  • Spawn Location: 1:00

Event: Gamers8 2023

VOD

Have the link to the VOD?

Description

Time

  • Played on: Aug. 5, 2023, 7:58 a.m.
  • Length: 11:14

All games in this series

Show
View Real Time Build Order
Export as new Build Order

Stephano Zerg - Winner!

Build Orders: Hatch First, Swarm Host 

Get SALT Encoding   

  12  0:00  Drone  
  13  0:12  Overlord  
  13  0:17  Drone  
  14  0:30  Drone x2  
  16  0:49  Hatchery  
  15  0:52  Drone  
  15  0:56  Drone  
  17  0:59  Drone  
  18  1:10  Extractor  
  17  1:15  Spawning Pool  
  17  1:18  Drone  
  17  1:21  Drone  
  18  1:28  Drone  
  19  1:38  Drone  
  20  1:50  Drone  
  21  2:02  Queen, Zergling x4  
  21  2:03  Queen  
  27  2:12  Overlord, Drone  
  28  2:23  Hatchery  
  28  2:28  Drone  
  28  2:32  Drone x2  
  30  2:38  Drone  
  30  2:41  Queen  
  33  2:51  Overlord  
  33  2:54  Drone  
  33  2:55  Drone x2  
  36  2:59  Metabolic Boost  
  36  3:12  Drone x2  
  38  3:15  Drone  
  38  3:16  Drone x2  
  38  3:17  Drone  
  38  3:18  Queen  
  44  3:22  Overlord  
  44  3:34  Queen  
  44  3:35  Drone  
  44  3:36  Queen  
  44  3:38  Zergling x2  
  50  3:41  Overlord  
  50  3:44  Drone  
  50  3:47  Drone x2  
  53  3:52  Drone x3  
  53  3:55  Drone x2  
  58  3:58  Overlord  
  58  4:03  Drone x2  
  58  4:05  Overlord  
  60  4:10  Drone x3  
  60  4:16  Overlord  
  63  4:29  Drone x3  
  63  4:30  Drone x3  
  69  4:34  Lair  
  69  4:35  Extractor  
  69  4:36  Drone x3  
  69  4:37  Extractor, Drone x2  
  72  4:44  Roach Warren  
  71  4:45  Evolution Chamber  
  71  4:48  Drone x3  
  71  4:49  Evolution Chamber  
  71  4:50  Spore Crawler  
  71  4:51  Spore Crawler  
  70  4:55  Drone x5  
  75  5:06  Hatchery, Drone x2  
  76  5:07  Drone  
  76  5:13  Extractor  
  76  5:14  Extractor, Overlord x3  
  75  5:17  Drone  
  75  5:18  Extractor  
  75  5:21  Zerg Missile Weapons Level 1  
  75  5:22  Zerg Ground Armor Level 1  
  75  5:27  Zergling x8  
  79  5:31  Overlord  
  79  5:32  Glial Reconstitution  
  79  5:33  Overlord  
  79  5:35  Drone  
  79  5:37  Drone x2  
  81  5:45  Drone  
  81  5:46  Drone  
  81  5:47  Drone x2  
  81  5:49  Overlord x2  
  85  5:50  Roach  
  85  5:53  Overseer  
  87  6:01  Roach x5  
  96  6:06  Overlord  
  96  6:09  Infestation Pit  
  95  6:16  Overlord  
  95  6:17  Roach  
  95  6:18  Roach x5  
  107  6:23  Overlord x2  
  107  6:28  Roach x3  
  112  6:41  Roach x8  
  112  6:46  Overlord  
  126  6:47  Drone x2  
  126  6:48  Drone x3  
  126  6:51  Extractor  
  130  6:58  Overlord x2, Swarm Host  
  130  6:59  Swarm Host x2  
  130  7:01  Swarm Host  
  139  7:07  Swarm Host x2  
  148  7:10  Extractor, Swarm Host  
  148  7:13  Swarm Host  
  153  7:16  Swarm Host  
  153  7:19  Zerg Missile Weapons Level 2  
  153  7:22  Swarm Host x2  
  162  7:31  Swarm Host x2  
  162  7:37  Ravager  
  169  7:42  Swarm Host  
  172  7:56  Swarm Host x2  
  172  7:57  Swarm Host x2  
  184  8:02  Hatchery  
  183  8:09  Hatchery  
  183  8:11  Ravager x2  
  183  8:12  Ravager  
  183  8:14  Roach x4  
  185  8:28  Hive  
  185  8:34  Ravager x3  
  188  8:43  Roach  
  188  8:44  Roach  
  186  8:52  Roach x5  
  186  8:55  Queen x2  
  191  9:02  Drone x4  
  191  9:05  Swarm Host x2  
  191  9:08  Overlord  
  191  9:10  Overlord  
  189  9:23  Overlord  
  189  9:44  Drone x9  
  176  9:51  Roach x11  
  192  9:56  Roach x2  
  180  10:02  Roach x5  
  185  10:11  Spine Crawler  
  184  10:20  Roach x6  
  184  10:21  Roach  
  195  10:30  Roach x2  
  195  10:35  Roach x5  
  199  10:40  Roach x4  
  190  10:50  Roach x6  
  190  10:51  Roach  
Show
View Real Time Build Order
Export as new Build Order

Mvp Terran 

Build Orders: Reaper Expand, Hellion Banshee, Mech 

Get SALT Encoding   

  12  0:00  SCV  
  13  0:12  SCV  
  14  0:18  Supply Depot  
  14  0:24  SCV  
  15  0:40  SCV  
  15  0:41  Barracks  
  16  0:46  Refinery  
  16  0:52  SCV  
  17  1:04  SCV  
  18  1:16  SCV  
  19  1:28  Orbital Command  
  19  1:29  Reaper  
  20  1:43  Command Center  
  20  1:53  Supply Depot  
  20  1:55  SCV  
  20  2:01  Marine  
  21  2:07  SCV  
  23  2:17  Factory  
  23  2:23  Barracks Reactor, SCV  
  24  2:35  SCV  
  25  2:45  Command Center  
  25  2:47  SCV  
  26  2:55  Orbital Command  
  26  2:59  SCV  
  26  3:05  Starport  
  27  3:12  SCV  
  28  3:13  Barracks Tech Lab  
  28  3:18  Refinery  
  28  3:21  SCV  
  28  3:24  SCV  
  30  3:33  Supply Depot  
  30  3:34  SCV  
  30  3:36  SCV  
  30  3:40  Hellion x2  
  36  3:46  SCV  
  36  3:48  SCV  
  38  3:49  Banshee  
  41  3:58  SCV  
  41  4:00  SCV  
  41  4:02  Refinery  
  47  4:03  Hellion x2  
  47  4:04  Refinery  
  47  4:06  Orbital Command  
  47  4:09  Marine  
  48  4:20  SCV  
  48  4:21  SCV  
  50  4:26  Supply Depot  
  49  4:33  SCV x2  
  49  4:37  Orbital Command  
  51  4:43  Factory  
  51  4:45  Factory, SCV x2  
  54  4:48  Hellion x2  
  54  4:49  Supply Depot  
  42  4:52  Viking  
  57  4:57  SCV x2  
  61  5:04  SCV  
  62  5:09  Hellion x2, SCV x2  
  62  5:11  Supply Depot  
  68  5:16  SCV  
  68  5:19  Supply Depot  
  69  5:21  SCV x2  
  71  5:28  SCV  
  71  5:33  SCV x2  
  74  5:35  Factory  
  74  5:36  Factory Tech Lab  
  74  5:41  Starport Reactor  
  74  5:45  Siege Tank  
  74  5:46  Hellion x2  
  74  5:48  Refinery, SCV x3  
  74  5:49  Refinery  
  84  5:54  Factory  
  84  5:56  Factory  
  84  5:59  Supply Depot  
  84  6:02  SCV  
  84  6:03  SCV x2  
  87  6:06  Armory  
  87  6:09  Supply Depot  
  87  6:10  Supply Depot  
  87  6:15  SCV x3  
  90  6:19  Siege Tank x2  
  90  6:22  Hellion x2  
  90  6:23  Supply Depot  
  100  6:27  SCV x3  
  103  6:33  Supply Depot  
  103  6:39  Hellion x2  
  107  6:41  Factory Tech Lab  
  107  6:42  Factory Tech Lab  
  107  6:44  SCV x3  
  110  6:48  Supply Depot  
  110  6:49  Medivac  
  110  6:50  Supply Depot  
  110  6:52  Factory  
  112  6:55  Hellbat x2  
  112  6:57  Factory  
  116  7:10  Thor x2  
  116  7:12  Terran Vehicle Weapons Level 1  
  128  7:16  Supply Depot  
  128  7:17  Supply Depot  
  128  7:22  Siege Tank x2  
  134  7:31  Medivac  
  134  7:34  Supply Depot  
  134  7:35  Hellbat x3  
  134  7:36  Hellbat, Factory Reactor  
  144  7:40  Supply Depot  
  144  7:41  Supply Depot  
  144  7:42  Factory Tech Lab  
  142  7:53  Siege Tank  
  142  7:54  Siege Tank x2  
  151  7:59  Siege Tank  
  151  8:05  Infernal Pre-Igniter  
  152  8:07  Hellbat x4  
  160  8:20  Siege Tank  
  160  8:21  Hellbat x2  
  160  8:25  Siege Tank  
  160  8:26  Siege Tank  
  163  8:28  Hellbat  
  145  8:43  Siege Tank x2  
  145  8:44  Hellbat x5  
  131  8:49  Hellbat  
  118  9:07  Hellbat x5  
  118  9:08  Siege Tank x2  
  130  9:23  Siege Tank x2  
  136  9:26  SCV x2  
  126  9:39  Orbital Command  
  126  9:42  Hellbat x5  
  126  9:43  Siege Tank  
  115  9:57  Siege Tank  
  115  9:58  Hellbat x2  
  115  10:12  Hellbat  
  106  10:33  SCV x3  
  101  10:37  Siege Tank x3  
  101  10:38  Hellbat  
Tags
 
Add a new tag
Caveats
  • Supply blocks, unpowered buildings, or Contaminate may cause inaccurate times.
  • Supply counts are checked every 10 seconds.